 Dungeon Crawl Stone Soup version 0.24.0-29-g8ce449bc06 (webtiles) character file.

Game seed: 10193208640151914113, levelgen mode: deterministic

1924 Flugslaktarn the Cleaver (level 8, -9/73 HPs)
             Began as a Minotaur Fighter on Nov 14, 2019.
             Mangled by an orc warrior
             ... wielding a +0 mace
              (16 damage)
             ... on level 7 of the Dungeon.
             The game lasted 00:02:22 (4648 turns).

Flugslaktarn the Cleaver (Minotaur Fighter)         Turns: 4648, Time: 00:02:22

Health: -9/73      AC: 11    Str: 22 (24) XL:     8   Next: 96%
Magic:  7/7        EV:  8    Int:  5      God:
Gold:   281        SH: 10    Dex:  7 (9)  Spells: 7/7 levels left

rFire    . . .     SeeInvis .   a - +0 war axe
rCold    . . .     Gourm    .   c - +0 shield
rNeg     . . .     Faith    .   b - +0 scale mail
rPois    .         Spirit   .   (helmet restricted)
rElec    .         Reflect  .   h - +0 cloak (curse)
rCorr    .         Harm     .   j - +0 pair of gloves
MR       .....                  m - +0 pair of boots
Stlth    ..........             (no amulet)
HPRegen  0.22/turn              (no ring)
MPRegen  0.10/turn              (no ring)

@: no status effects
A: retaliatory headbutt, horns 2
a: no special abilities


You were on level 7 of the Dungeon.
You were not hungry.

You visited 2 branches of the dungeon, and saw 8 of its levels.

You collected 281 gold pieces.

Inventory:

Hand Weapons
 a - a +0 war axe (weapon)
Armour
 b - a +0 scale mail (worn)
 c - a +0 shield (worn)
 h - a cursed +0 cloak (worn)
   (You found it on level 2 of the Dungeon)
 j - a +0 pair of gloves (worn)
   (You found it on level 3 of the Dungeon)
 m - a +0 pair of boots (worn)
   (You found it on level 4 of the Dungeon)
Jewellery
 q - an uncursed ring of see invisible {unknown}
   (You found it on level 5 of the Dungeon)
Scrolls
 f - a scroll of immolation {unknown}
 g - 3 scrolls of amnesia {unknown}
 i - 3 scrolls of random uselessness {unknown}
 k - 4 scrolls of identify {unknown}
 p - 2 scrolls of enchant armour {unknown}
 u - 3 scrolls of enchant weapon {unknown}
Potions
 d - a potion of might
 l - a potion of agility {unknown}
 o - a potion of resistance {unknown}
 s - a potion of cancellation
 t - a potion of berserk rage {unknown}
Comestibles
 e - 9 rations


   Skills:
 + Level 7.2 Fighting
 * Level 9.2 Axes
 + Level 7.2 Armour
 + Level 7.1 Shields


You had 7 spell levels left.
You didn't know any spells.
Your spell library was empty.

Dungeon Overview and Level Annotations

Branches:
Dungeon (7/15)             Temple (1/1) D:6

Altars:
Ashenzari
Dithmenos
Elyvilon
Fedhas
Hepliaklqana
Nemelex Xobeh
Qazlal
Ru
Sif Muna
Vehumet
Wu Jian
Xom
The Shining One
Lugonu

Annotations:
D:3 3 runed translucent doors, Raspi's ghost, amateur GrAr


Innate Abilities, Weirdness & Mutations

You reflexively headbutt those who attack you in melee.
You have a pair of horns on your head.


Message History

The orc warrior is almost dead.
You closely miss the hound. The hound closely misses you.
The orc warrior hits you but does no damage.
The hound bites you.
* * * LOW HITPOINT WARNING * * *
You closely miss the orc warrior.
You headbutt the orc warrior, but do no damage.
The orc warrior is almost dead.
You closely miss the hound. The hound barely misses you.
You furiously retaliate!
You headbutt the hound. You block the orc warrior's attack.
You completely miss the orc warrior.
The orc warrior is almost dead.
You closely miss the hound. You block the hound's attack.
The hound barely misses you.
You hit the orc warrior. Your headbutt misses the orc warrior.
The orc warrior is almost dead.
You hit the hound but do no damage. You block the hound's attack.
The orc warrior hits you with a +0 mace!
You die...

###### ###
##.....
.....#####...#
#...#.......#
......†@h...##
#...##)o.#...##
. ##..###..##
#..# ##..##
#.<# ##..##
##.# ##..## #.#
##..# #.# #..#
##..#


You could see an orc warrior and a hound.

Vanquished Creatures
  2 sky beasts (D:6)
  4 ogres
  An orc warrior (D:6)
  An ice beast (D:5)
  2 phantoms
  4 bullfrogs
  4 scorpions
  3 crimson imps
  2 hounds (D:6)
  6 orc priests
  2 orc wizards (D:3)
  3 worker ants (D:4)
  A hound skeleton (D:6)
  A howler monkey zombie (D:3)
  3 gnolls (D:4)
  2 adders
  A shadow imp (D:6)
  A dart slug (D:4)
  2 leopard geckos (D:2)
  20 orcs
  A ball python (D:3)
  A giant cockroach (D:4)
  5 goblins
  2 hobgoblins (D:3)
  4 jackals
  2 kobolds
  3 quokkas
  3 bats
  4 frilled lizards
  A leopard gecko zombie (D:7)
  2 rats
93 creatures vanquished.

Notes
Turn   | Place    | Note
-------+----------+-------------------------------------------
     0 | D:1      | Flugslaktarn the Minotaur Fighter began the quest for the
                  | Orb.
     0 | D:1      | Reached XP level 1. HP: 19/19 MP: 0/0
   158 | D:1      | Reached XP level 2. HP: 27/27 MP: 1/1
   233 | D:2      | Reached skill level 3 in Axes
   325 | D:3      | Reached XP level 3. HP: 26/33 MP: 2/2
   425 | D:3      | Found a shimmering altar of Xom.
   684 | D:3      | Reached XP level 4. HP: 28/40 MP: 3/3
   698 | D:3      | Reached skill level 4 in Axes
   965 | D:3      | Found a runed translucent gate.
   965 | D:3      | Found a runed translucent gate.
   965 | D:3      | Found a runed translucent gate.
   967 | D:3      | Noticed Raspi's ghost (amateur GrAr)
   982 | D:3      | Found a stormy altar of Qazlal.
  1273 | D:4      | Reached XP level 5. HP: 23/47 MP: 4/4
  1608 | D:4      | Found a white marble altar of Elyvilon.
  1612 | D:4      | Noticed a phantom
  1839 | D:3      | Killed a phantom
  1839 | D:3      | Reached skill level 5 in Axes
  1839 | D:3      | Reached XP level 6. HP: 37/55 MP: 5/5
  2015 | D:4      | Reached skill level 5 in Armour
  2153 | D:4      | Reached skill level 5 in Fighting
  2168 | D:4      | Found a hazy altar of Hepliaklqana.
  2305 | D:5      | Entered Level 5 of the Dungeon
  2314 | D:5      | Reached skill level 5 in Shields
  2502 | D:5      | Reached skill level 6 in Axes
  2506 | D:5      | Reached XP level 7. HP: 60/61 MP: 6/6
  2683 | D:5      | Found a sacrificial altar of Ru.
  2935 | D:5      | Reached skill level 7 in Axes
  3175 | D:6      | Reached XP level 8. HP: 59/70 MP: 7/7
  3408 | D:6      | Reached skill level 8 in Axes
  4307 | D:6      | Found a staircase to the Ecumenical Temple.
  4369 | D:6      | Found a radiant altar of Vehumet.
  4370 | D:6      | Found an ornate altar of the Wu Jian Council.
  4479 | Temple   | Entered the Ecumenical Temple
  4600 | D:7      | Reached skill level 9 in Axes
  4648 | D:7      | Mangled by an orc warrior

Levels and vault maps discovered:
D:1:      minmay_arrival_widening_spiral_wide, layout_loops_ring
D:2:      layout_loops_ring, grunt_temple_overflow_gold_and_silver,
          old_standard_altar
D:3:      layout_loops_ring, lemuel_round_altar, overflow_temple_1_default,
          ebering_ghost_rock_garden
D:4:      layout_gridville, lemuel_crystal_altar, elyvilon_altar_5
D:5:      layout_cave_pools, nicolae_overflow_crystal_walls, first_ration,
          kennysheep_another_room
D:6:      layout_basic, gammafunk_temple_overflow_pools,
          minmay_temple_entry_hall
D:7:      layout_layer_cave, lemuel_coloured_pillars_altar
Temple:   corrupted_temple

Skill      XL: |  1  2  3  4  5  6  7  8 |
---------------+-------------------------+-----
Axes           | 3 4 5 6 7 9 |  9.2
Shields        | 4 5 6 7 |  7.1
Armour         | 4 5 6 7 |  7.2
Fighting       | 4 5 6 7 |  7.2

Action                   |  1- 3 |  4- 6 |  7- 9 || total
-------------------------+-------+-------+-------++-------
Melee: War axe           |    64 |    98 |   143 ||   305
       Headbutt          |     9 |    13 |    31 ||    53
  Use: Potion            |       |       |     4 ||     4
  Eat: Chunk             |       |     1 |     5 ||     6
       Ration            |       |     1 |     1 ||     2
Armor: Scale mail        |    30 |    40 |    53 ||   123
Dodge: Dodged            |    15 |    22 |    50 ||    87
Block: Shield            |    34 |    51 |    83 ||   168
